 Dungeon Crawl Stone Soup version 0.28-a0-1159-g27aa881441 (webtiles) character file.

Game seed: 12414242435024993162

42361 lessens the Fencer (level 13, -5/101 HPs)
             Began as a Vampire Berserker on Dec 15, 2021.
             Was a High Priest of Trog.
             Slain by a black mamba (6 damage)
             ... on level 6 of the Lair of Beasts.
             The game lasted 00:26:02 (16818 turns).

lessens the Fencer (Vampire Berserker)             Turns: 16818, Time: 00:26:03

Health: -5/101     AC: 21    Str: 24    XL:     13   Next: 85%
Magic:  13/13      EV: 13    Int: 10    God:    Trog [*****.]
Gold:   1171       SH:  0    Dex: 14    Spells: 12/12 levels left

rFire   . . .      SeeInvis +   N - +4 great sword
rCold   + + +      Faith    +   (shield currently unavailable)
rNeg    + . .      Spirit   .   P - +4 scale mail "Reihoyl" {Rampage rElec rC++}
rPois   +          Reflect  .   W - +2 helmet
rElec   +          Harm     .   C - +2 cloak {rPois}
rCorr   .          Rampage  +   (no gloves)
Will    +....                   F - +2 pair of boots
Stlth   ..........              y - amulet of the Tempest {Faith Rampage rN+ Regen+ Str+4}
HPRegen 1.26/turn               p - +4 ring of slaying
MPRegen 0.13/turn               o - ring of protection from cold

@: frozen, healing quickly, studying 2 skills, very slow
A: alive, fangs 3, see invisible, vampiric 2
a: Exsanguinate, Renounce Religion, Berserk, Trog's Hand, Brothers in Arms


You were on level 6 of the Lair of Beasts.
You worshipped Trog.
Trog was extremely pleased with you.
You visited 2 branches of the dungeon, and saw 18 of its levels.
You also visited: Gauntlet.

You collected 1171 gold pieces.

Inventory:

Hand Weapons
 L - a +3 scimitar of flaming
 N - a +4 great sword (weapon)
 Q - a +3 triple sword
 Z - a +1 antimagic great sword
Missiles
 b - 17 javelins
 e - 88 poisoned darts (quivered)
 M - 6 curare-tipped darts
 R - 27 stones
 X - 3 boomerangs of dispersal
Armour
 k - a +2 ring mail of fire resistance
 C - a +2 cloak of poison resistance (worn)
 F - a +2 pair of boots (worn)
 P - the +4 scale mail "Reihoyl" (worn) {Rampage rElec rC++}
   (You found it on level 5 of the Lair of Beasts)

   rC:        It greatly protects you from cold.
   rElec:     It insulates you from electricity.
   Rampage:   It bestows one free step when moving towards enemies.
 W - a +2 helmet (worn)
Jewellery
 a - the ring "Boyn" {Will++ Dex+4 Slay-2 SInv}
   (You found it on level 10 of the Dungeon)

   [ring of see invisible]

   Dex:       It affects your dexterity (+4).
   Slay:      It affects your accuracy & damage with ranged weapons and melee
   (-2).
   SInv:      It lets you see invisible.
   Will:      It greatly increases your willpower.
 o - a ring of protection from cold (right hand)
 p - a +4 ring of slaying (left hand)
 w - a ring of positive energy
 y - the amulet of the Tempest (around neck) {Faith Rampage rN+ Regen+ Str+4}
   (You took it off a minotaur in a Gauntlet)

   [amulet of faith]

   It allows you to gain divine favour quickly.
   Str:       It affects your strength (+4).
   rN:        It protects you from negative energy.
   Regen:     It increases your rate of health regeneration.
   Rampage:   It bestows one free step when moving towards enemies.
 B - a ring of fire
 H - an amulet of guardian spirit
 O - an amulet of faith
 U - an amulet of regeneration
 V - an amulet of reflection
Wands
 l - a wand of digging (8)
 m - a wand of flame (35)
 A - a wand of mindburst (7)
 S - a wand of iceblast (17)
Scrolls
 c - a scroll of holy word
 i - a scroll of immolation
 j - 7 scrolls of teleportation
 n - 2 scrolls of enchant weapon {unknown}
 s - 2 scrolls of enchant armour {unknown}
 t - 4 scrolls of magic mapping
 z - 4 scrolls of fog {unknown}
 E - 2 scrolls of blinking {unknown}
 I - 4 scrolls of torment {unknown}
 J - a scroll of summoning
 K - 3 scrolls of fear {unknown}
 T - 3 scrolls of acquirement {unknown}
Potions
 d - 4 potions of might
 f - a potion of heal wounds
 g - 5 potions of curing
 h - a potion of magic
 q - a potion of ambrosia
 r - 2 potions of mutation
 u - 6 potions of flight
 v - a potion of invisibility
 x - 5 potions of lignification
 D - 4 potions of resistance
 G - a potion of attraction


   Skills:
 + Level 9.3 Fighting
 - Level 20.0 Long Blades
 - Level 5.6 Armour
 + Level 8.0 Dodging


You had 12 spell levels left.
You didn't know any spells.
Your spell library was empty.

Dungeon Overview and Level Annotations

Branches:
Dungeon (12/15)            Temple (0/1) D:5            Lair (6/6) D:11
 Shoals (0/4) Lair:2       Spider (0/4) Lair:3          Orc (0/2) D:9
Gauntlet (visited)
  Slime: Lair:5-6

Altars:
Dithmenos
Elyvilon
Fedhas
Nemelex Xobeh
Okawaru
Trog
Uskayaw
Vehumet
Wu Jian
The Shining One
Beogh

Shops:
D:12 (

Annotations:
D:10 exclusion: obsidian statue
Lair:4 3 runed translucent doors, exclusion: orange crystal statue, dolemite99's ghost, journeyman DDFi


Innate Abilities, Weirdness & Mutations

Your natural rate of healing is accelerated.
You have razor-sharp teeth.
You have supernaturally acute eyesight. (SInv)
You are afflicted with vampirism and can become a bat while bloodless.


Message History

The wolf howls!
You hear a howl!
The black mamba hisses angrily.
Unknown command.
Found a stone staircase leading up.
You hear a bellow! x2; You hear a howl! x3
The rime drake breathes ice at you. The flash freeze hits you.
You partially resist.
* * * LOW HITPOINT WARNING * * *
You are encased in ice.
The elephant barely misses you.
The elephant trunk-slaps you but does no damage.
The hornet stings you.
* * * LOW HITPOINT WARNING * * *
A wolf comes into view.
Found 28 gold pieces.
The wolf pauses to sniff the ground.
The rime drake bites you but does no damage.
The black mamba barely misses you. The hornet barely misses you.
The elephant tramples you but does no damage.
The elephant closely misses you. The black mamba barely misses you.
The black mamba closely misses you.
The hornet stings you but does no damage.
The rime drake bites you.
* * * LOW HITPOINT WARNING * * *
The black mamba bites you but does no damage.
The black mamba bites you but does no damage.
A rime drake comes into view.
The hornet closely misses you. The yak misses you.
The black mamba bites you but does no damage.
The ice encasing you melts away.
The rime drake hisses angrily.
A polar bear comes into view.
The yak closely misses you. The black mamba bites you!
* * * LOW HITPOINT WARNING * * *
The hornet stings you but does no damage.
The rime drake breathes ice at you. The flash freeze hits you!
You partially resist.
* * * LOW HITPOINT WARNING * * *
You are encased in ice.
The black mamba bites you.
You die...

≈≈≈≈....# h≈≈≈.....####
≈P≈≈..$.....##
#≈≈≈≈≈..k...#.#
#≈≈≈≈.........#
#.≈##≈.......##
#≈≈#≈≈.....<..#
#≈≈≈≈...S@...#.# ≈≈≈≈
#$≈≈≈≈kYy.......# .8≈#
#P≈.#..hY...$..#. ≈≈≈
#.≈#≈.......#.P.# ≈≈###
#≈≈≈≈.hP.........
≈≈P≈≈.≈≈≈.≈≈≈≈#.$.......
≈≈##≈≈##≈≈##≈≈..........
≈≈##≈≈##≈≈ #≈.........P
..≈.≈...≈. .≈..........


You could see an elephant, a black mamba, a yak, 2 rime drakes, a hornet and 2
wolves.

Vanquished Creatures
  A minotaur (Gauntlet)
  Fannar (D:12)
  3 hydras
  A boulder beetle (D:12)
  3 catoblepae
  2 two-headed ogres
  Urug (Lair:4)
  Nergalle (Lair:1)
  A sea snake (Lair:6)
  Pikel (D:8)
  2 ugly things
  An oklob plant (Lair:3)
  3 cyclopes
  A manticore (D:11)
  Maurice (D:8)
  A black mamba (Lair:2)
  4 gargoyles
  A smoke demon (Gauntlet)
  Psyche (D:8)
  10 cane toads
  An unseen horror (D:11)
  2 rime drakes (Lair:2)
  Maggie (D:7)
  An efreet (Gauntlet)
  A kobold demonologist (D:12)
  5 komodo dragons
  2 trolls (D:10)
  A hornet (D:9)
  A merfolk (Lair:2)
  Grinder (D:4)
  A polar bear (Lair:2)
  14 blink frogs
  3 slime creatures (D:12)
  4 wyverns
  A vampire (D:7)
  2 wraiths
  46 yaks
  2 fire elementals (Gauntlet)
  3 basilisks
  4 vampire mosquitoes
  4 steam dragons
  2 wargs (D:11)
  An acid dragon (D:8)
  16 water moccasins
  2 hell hounds (Gauntlet)
  4 orc warriors
  An ice beast (D:7)
  A black bear (D:8)
  A necrophage (D:5)
  10 wolves (Lair:3)
  3 ogres
  5 centaurs
  A phantom (D:5)
  4 kobold brigands
  9 bullfrogs
  3 scorpions
  A water moccasin skeleton (D:5)
  16 killer bees
  A howler monkey (D:6)
  17 wights
  3 electric eels (Lair:2)
  4 crimson imps (Gauntlet)
  6 centaur zombies
  A jelly (D:6)
  2 hounds (D:6)
  7 orc priests
  14 orc wizards
  3 iguanas
  A killer bee zombie (D:6)
  3 hound skeletons
  2 howler monkey zombies
  6 gnolls
  A howler monkey skeleton (D:4)
  8 adders
  A shadow imp (D:8)
  2 white imps
  6 worms
  10 dart slugs (D:4)
  38 orcs
  7 endoplasms
  5 giant cockroaches
  7 goblins
  7 hobgoblins
  2 jackals (D:1)
  8 quokkas
  3 ball pythons
  7 bats
  5 frilled lizards
  24 kobolds
  6 rats
437 creatures vanquished.

Vanquished Creatures (others)
  14 demonic plants (Gauntlet)
  16 fungi
  19 plants
  17 withered plants (Gauntlet)
66 creatures vanquished.

Grand Total: 503 creatures vanquished

Notes
Turn   | Place    | Note
-------+----------+-------------------------------------------
     0 | D:1      | lessens the Vampire Berserker began the quest for the Orb.
     0 | D:1      | Reached XP level 1. HP: 17/17 MP: 1/1
   247 | D:1      | Reached XP level 2. HP: 20/23 MP: 2/2
   739 | D:1      | Reached skill level 4 in Long Blades
   787 | D:2      | Reached ** piety under Trog
  1073 | D:2      | Gained mutation: You are afflicted with vampirism and can
                  | become a bat while bloodless. [Vampire growth]
  1073 | D:2      | Reached XP level 3. HP: 28/28 MP: 3/3
  1520 | D:2      | Reached skill level 5 in Long Blades
  1520 | D:2      | Reached XP level 4. HP: 33/34 MP: 4/4
  1999 | D:3      | Found a hide-covered altar of Uskayaw.
  2111 | D:3      | Reached XP level 5. HP: 37/39 MP: 5/5
  2188 | D:3      | Reached skill level 6 in Long Blades
  2495 | D:3      | Reached *** piety under Trog
  2540 | D:3      | Found a sparkling altar of Nemelex Xobeh.
  2541 | D:3      | Found an ornate altar of the Wu Jian Council.
  2924 | D:4      | Noticed a centaur
  2933 | D:4      | Killed a centaur
  2934 | D:4      | Reached skill level 7 in Long Blades
  2934 | D:4      | Reached XP level 6. HP: 46/46 MP: 6/6
  3019 | D:4      | Noticed Grinder
  3126 | D:4      | Paralysed by Grinder for 6 turns
  3238 | D:4      | Killed Grinder
  3239 | D:4      | Reached skill level 8 in Long Blades
  3239 | D:4      | Reached XP level 7. HP: 51/51 MP: 7/7
  3391 | D:4      | Found a radiant altar of Vehumet.
  3682 | D:5      | Entered Level 5 of the Dungeon
  3721 | D:5      | Reached skill level 9 in Long Blades
  3796 | D:5      | Found a staircase to the Ecumenical Temple.
  3995 | D:5      | Reached skill level 10 in Long Blades
  3995 | D:5      | Reached XP level 8. HP: 53/57 MP: 8/8
  4293 | D:5      | Reached **** piety under Trog
  4905 | D:6      | Noticed a gargoyle
  4913 | D:6      | Reached skill level 11 in Long Blades
  4921 | D:6      | Killed a gargoyle
  4921 | D:6      | Noticed a gargoyle
  4924 | D:6      | Killed a gargoyle
  4925 | D:6      | Reached XP level 9. HP: 12/67 MP: 9/9
  5040 | D:6      | Reached skill level 5 in Fighting
  5154 | D:6      | Reached skill level 12 in Long Blades
  5262 | D:6      | Reached ***** piety under Trog
  5819 | D:6      | Found an iron altar of Okawaru.
  5819 | D:6      | Found a bloodstained altar of Trog.
  6302 | D:7      | Reached skill level 13 in Long Blades
  6691 | D:7      | Reached skill level 5 in Dodging
  6760 | D:7      | Reached XP level 10. HP: 69/74 MP: 7/10
  6980 | D:7      | Noticed Maggie
  6990 | D:7      | Killed Maggie
  7521 | D:8      | Noticed Maurice
  7527 | D:8      | Killed Maurice
  7653 | D:8      | Reached skill level 14 in Long Blades
  7776 | D:8      | Noticed Pikel
  7787 | D:8      | Killed Pikel
  7807 | D:8      | Noticed Psyche
  7819 | D:8      | Killed Psyche
  8342 | D:9      | Found a staircase to the Orcish Mines.
  8601 | D:9      | Received a gift from Trog
  9164 | D:10     | Entered Level 10 of the Dungeon
  9169 | D:10     | Reached skill level 15 in Long Blades
  9170 | D:10     | Reached XP level 11. HP: 80/80 MP: 8/11
  9277 | D:10     | Noticed an obsidian statue
  9337 | D:10     | Identified the ring "Boyn" {Will++ Dex+4 Slay-2 SInv}
  9605 | D:10     | Found a shadowy altar of Dithmenos.
  9751 | D:10     | Noticed a two-headed ogre
  9771 | D:10     | Killed a two-headed ogre
 10227 | D:11     | Noticed a white ugly thing
 10233 | D:11     | Killed a white ugly thing
 10441 | D:11     | Noticed an eight-headed hydra
 10451 | D:11     | Killed a 17-headed hydra
 10452 | D:11     | Reached skill level 16 in Long Blades
 10470 | D:11     | Found a gate leading to a gauntlet.
 10479 | Gauntlet | Entered a Gauntlet
 10479 | Gauntlet | Noticed a fire crab
 10479 | Gauntlet | Found a transporter.
 10479 | Gauntlet | Found a transporter.
 10479 | Gauntlet | Found a transporter.
 10523 | Gauntlet | Found a transporter.
 10527 | Gauntlet | Found a transporter.
 10534 | Gauntlet | Noticed a death scarab
 10537 | Gauntlet | Found a transporter.
 10541 | Gauntlet | Found a transporter.
 10551 | Gauntlet | Found a transporter.
 10551 | Gauntlet | Noticed a catoblepas
 10576 | Gauntlet | Found a transporter.
 10576 | Gauntlet | Found a transporter.
 10580 | Gauntlet | Found a transporter.
 10585 | Gauntlet | Noticed a catoblepas
 10593 | Gauntlet | Found a transporter.
 10770 | Gauntlet | Killed a catoblepas
 10842 | Gauntlet | Identified the +0 helmet of Epacor {Harm Dex+6}
 10934 | Gauntlet | Identified the amulet of the Tempest {Faith Rampage rN+
                  | Regen+ Str+4}
 10934 | Gauntlet | Noticed a minotaur
 10940 | Gauntlet | Killed a minotaur
 10961 | Gauntlet | Identified the +10 dagger of the Blessed Realm {flame,
                  | Will+ MP+9 Dex+3}
 11211 | D:11     | Found a staircase to the Lair.
 11213 | D:11     | Reached XP level 12. HP: 83/91 MP: 12/12
 11306 | D:11     | Reached skill level 17 in Long Blades
 11314 | D:11     | Received a gift from Trog
 11439 | D:11     | Found a blossoming altar of Fedhas.
 12115 | D:12     | Noticed Fannar
 12130 | D:12     | Killed Fannar
 12278 | D:12     | Found Ahezoint's Weapon Boutique.
 12429 | D:12     | Noticed a boulder beetle
 12438 | D:12     | Killed a boulder beetle
 12837 | D:12     | Noticed a two-headed ogre
 12837 | D:12     | Noticed a six-headed hydra
 12843 | D:12     | Killed a four-headed hydra
 12846 | D:12     | Killed a two-headed ogre
 12967 | Lair:1   | Entered Level 1 of the Lair of Beasts
 12998 | Lair:1   | Noticed Nergalle
 13005 | Lair:1   | Killed Nergalle
 13006 | Lair:1   | Reached skill level 18 in Long Blades
 13829 | Lair:2   | Noticed an eight-headed hydra
 13834 | Lair:2   | Killed a five-headed hydra
 13845 | Lair:2   | Reached skill level 5 in Armour
 13975 | Lair:2   | Received a gift from Trog
 14009 | Lair:2   | Reached XP level 13. HP: 98/98 MP: 13/13
 14056 | Lair:2   | HP: 5/147 [electric eel/bolt of electricity (7)]
 14207 | Lair:2   | Found a staircase to the Shoals.
 14778 | Lair:3   | Reached skill level 19 in Long Blades
 14863 | Lair:3   | Found a hole to the Spider Nest.
 15604 | Lair:4   | Found a runed translucent gate.
 15604 | Lair:4   | Found a runed translucent gate.
 15604 | Lair:4   | Found a runed translucent gate.
 15612 | Lair:4   | Noticed Urug
 15622 | Lair:4   | Killed Urug
 15680 | Lair:4   | Received a gift from Trog
 16073 | Lair:4   | Noticed dolemite99's ghost (journeyman DDFi)
 16229 | Lair:5   | Identified the +4 scale mail "Reihoyl" {Rampage rElec rC++}
 16616 | Lair:5   | Reached skill level 20 in Long Blades
 16768 | Lair:5   | You fall into a shaft and drop 1 floor!
 16768 | Lair:6   | Entered Level 6 of the Lair of Beasts
 16794 | Lair:6   | Noticed a dire elephant
 16818 | Lair:6   | HP: 1/101 [rime drake/flash freeze (12)]
 16818 | Lair:6   | Slain by a black mamba

Illustrated notes

Levels and vault maps discovered:
D:1:      amcnicky_arrival_abandoned_market, layout_basic,
          roderic_roman_lattice, corexii_item_surrounded_by_moat, minmay_cupped
D:2:      minmay_evil_eye, layout_basic, minmay_joined_circles
D:3:      layout_rooms, elyvilon_altar_1, mainiacjoe_overflow_paths,
          mainiacjoe_overflow_divided_tiny
D:4:      kennysheep_slugbush, layout_rooms, nicolae_vehumet_radiance,
          uniq_grinder
D:5:      layout_loops_corners, minmay_temple_entry_ruins
D:6:      layout_rooms, grunt_temple_overflow_bloody_war,
          chequers_serial_rivers_small_b, minmay_manual_mail
D:7:      layout_basic, uniq_maggie
D:8:      layout_basic, uniq_psyche, uniq_pikel, uniq_maurice
D:9:      layout_basic, minmay_orc_entry_temple_small, minivault_19,
          minmay_misc_feat_five, amcnicky_mini_rare_corridor_liquid
D:10:     layout_gridville, lemuel_doored_altar, nicolae_overflow_hidden_temple,
          moated_statue, minmay_protected_statue
D:11:     layout_layer_cave, erik_lair_orcish_takeover, gauntlet_entry_generic,
          fedhas_altar_1
D:12:     layout_long_grid, serial_shops, kennysheep_mini_moat, uniq_fannar
Lair:1:   layout_gridlike, uniq_nergalle
Lair:2:   layout_gridlike, elwin_shoals_entry_rooms, lemuel_fruit_tree
Lair:3:   layout_roguey, spider_nest_entry_web_field, grunt_megastairs_1
Lair:4:   layout_roguey, ebering_ghost_rock_garden, disabler_island, uniq_urug
Lair:5:   layout_small_grid
Lair:6:   gammafunk_lair_ancient_temple, layout_cave_shapes, slime_altar_2,
          grunt_forest_large_clearings, lemuel_fruit_fields

Skill      XL: |  1  2  3  4  5  6  7  8  9 10 11 12 13 |
---------------+----------------------------------------+-----
Long Blades    | 4 5 7 8 10 11 13 15 16 18 20 | 20.0
Fighting       | 4 5 7 9 |  9.3
Dodging        | 5 7 8 |  8.0
Armour         | 5 |  5.6

Action                   |  1- 3 |  4- 6 |  7- 9 | 10-12 | 13-15 || total
-------------------------+-------+-------+-------+-------+-------++-------
Melee: Falchion          |   123 |   161 |   264 |       |       ||   548
       Bite              |     8 |    16 |    41 |    61 |    46 ||   172
       Great sword       |       |       |    26 |   447 |   245 ||   718
       Long sword        |       |       |    26 |       |       ||    26
       Scimitar          |       |       |       |     7 |       ||     7
Throw: Dart              |       |     3 |     1 |       |     7 ||    11
Invok: Berserk           |       |     5 |     4 |     8 |       ||    17
       Trog's Hand       |       |       |       |     2 |       ||     2
       Brothers in Arms  |       |       |       |     1 |       ||     1
Evoke: Wand              |       |       |       |     3 |       ||     3
  Use: Potion            |       |     3 |       |     1 |     1 ||     5
       Scroll            |       |     1 |     3 |    11 |     5 ||    20
 Stab: Sleeping          |     2 |       |       |       |       ||     2
       Distracted        |       |       |       |       |     1 ||     1
Armor: Animal skin       |    12 |       |       |       |       ||    12
       Ring mail         |    23 |    60 |    85 |   165 |    32 ||   365
       Scale mail        |       |       |       |       |    36 ||    36
Dodge: Dodged            |    82 |    92 |   160 |   353 |   148 ||   835

Table legend: (Time is in decaauts)
 A = Elapsed time spent in this place.
 B = Non-inter-level travel time spent in this place.
 C = Inter-level travel time spent in this place.
 D = Time resting spent in this place.
 E = Time spent auto-exploring this place.
 F = Levels seen in this place.
 G = Mean time per level.
                   A        B        C        D        E       F      G
               +--------+--------+--------+--------+--------+-----+--------+
         Total |  16844 |  16164 |    680 |    718 |  12214 |  19 |  886.5 |
       Dungeon |  12534 |  11978 |    556 |    559 |   9185 |  12 | 1044.5 |
          Lair |   3800 |   3677 |    123 |     69 |   2948 |   6 |  633.3 |
      Gauntlet |    509 |    509 |      0 |     90 |     81 |   1 |  509.0 |
               +--------+--------+--------+--------+--------+-----+--------+

Top non-repeatable levels by time:
    D:11: 1395 daAuts
     D:6: 1316 daAuts
     D:9: 1293 daAuts
     D:5: 1226 daAuts
     D:2: 1141 daAuts
     D:3: 1002 daAuts
  Lair:2: 992 daAuts
    D:10: 954 daAuts
     D:7: 950 daAuts
    D:12: 942 daAuts
  Lair:3: 837 daAuts
     D:4: 820 daAuts
  Lair:1: 787 daAuts
     D:1: 781 daAuts
     D:8: 710 daAuts
